 Dungeon Crawl Stone Soup version 0.27-a0-1565-gad902ab807 (webtiles) character file.

Game seed: 390454423108876526

156 ezpacito the Skirmisher (level 5, -2/41 HPs)
             Began as a Demonspawn Abyssal Knight on July 16, 2021.
             Was a Believer of Lugonu.
             Slain by a kobold brigand (6 damage)
             ... in a sewer.
             The game lasted 00:04:27 (2564 turns).

ezpacito the Skirmisher (Demonspawn Abyssal Knight) Turns: 2564, Time: 00:04:28

Health: -2/41      AC: 12    Str: 13    XL:     5   Next: 15%
Magic:  7/7        EV:  5    Int: 13    God:    Lugonu [**....]
Gold:   844        SH:  6    Dex: 13    Spells: 4/4 levels left

rFire    . . .     SeeInvis .   a - +1 hand axe
rCold    . . .     Faith    .   f - +2 buckler
rNeg     . . .     Spirit   .   c - +0 chain mail
rPois    .         Reflect  .   (helmet restricted)
rElec    .         Harm     .   g - +0 cloak
rCorr    .         Rampage  .   (no gloves)
Will     .....                  (no boots)
Stlth    ..........             (no amulet)
HPRegen  0.13/turn              (no ring)
MPRegen  0.10/turn              (no ring)

@: lethally poisoned (-2 -> -14), hasted, very quick
A: horns 1, icy blue scales 1
a: Renounce Religion, Depart the Abyss, Bend Space


You were in a sewer.
You worshipped Lugonu.
Lugonu was pleased with you.
You visited 1 branch of the dungeon, and saw 3 of its levels.
You visited the Abyss 1 time.
You also visited: Sewer.

You collected 1005 gold pieces.
You spent 161 gold pieces at shops.

Inventory:

Hand Weapons
 a - a +1 hand axe (weapon)
Missiles
 d - 78 stones (quivered)
Armour
 c - a +0 chain mail (worn)
 f - a +2 buckler (worn)
 g - a +0 cloak (worn)
Scrolls
 b - a scroll of enchant weapon
 h - a scroll of amnesia
Potions
 i - 2 potions of cancellation
 l - a potion of flight


   Skills:
 + Level 3.5 Fighting
 * Level 3.0 Axes
 + Level 1.2 Throwing
 * Level 2.8 Armour
 - Level 0.8 Dodging
 + Level 1.2 Shields
 + Level 3.2 Invocations


You had 4 spell levels left.
You didn't know any spells.
Your spell library was empty.

Dungeon Overview and Level Annotations

Branches:
Dungeon (3/15)              Sewer (1/1)

Altars:
Wu Jian

Shops:
D:3 ?

Annotations:
D:3 1 transporter


Innate Abilities, Weirdness & Mutations

You have a pair of small horns on your head.
You are partially covered in icy blue scales. (AC +2)


Message History

You hit the kobold brigand.
You feel sick. You block the kobold brigand's attack.
Your Axes skill increases to level 3!
You feel sick. The kobold brigand barely misses you.
You feel sick.
The kobold brigand hits you with a +0 short sword of venom.
You are more poisoned.
You hit the kobold brigand.
The kobold brigand is heavily wounded.
You feel very sick.
The kobold brigand hits you but does no damage.
You hit the kobold brigand but do no damage.
Your headbutt misses the kobold brigand.
The kobold brigand is heavily wounded.
You feel very sick.
The kobold brigand hits you but does no damage.
You hit the kobold brigand.
The kobold brigand is severely wounded.
You feel sick.
The kobold brigand hits you with a +0 short sword of venom.
* * * LOW HITPOINT WARNING * * *
The kobold brigand hits you but does no damage.
You are lethally poisoned!
You feel yourself speed up.
* * * LOW HITPOINT WARNING * * *
You feel very sick.
The kobold brigand hits you but does no damage.
You are more poisoned.
Okay, then.
Your chain mail prevents you from hitting the kobold brigand.
Your headbutt misses the kobold brigand.
The kobold brigand is severely wounded.
* * * LOW HITPOINT WARNING * * *
You feel very sick.
You closely miss the kobold brigand.
The kobold brigand is severely wounded.
* * * LOW HITPOINT WARNING * * *
You feel sick.
The kobold brigand hits you with a +0 short sword of venom.
You die...

### ###
#!.#.[# ≈
..... ≈≈≈
##...## ≈≈≈≈
#.....#
≈≈≈≈≈#.....#
≈≈≈≈≈###)##
≈≈≈≈≈≈≈K..##
≈≈≈≈≈≈≈@...#
≈≈≈≈≈≈≈....#
≈≈≈≈≈≈≈≈...##
≈≈≈≈≈≈≈.....#
≈≈≈≈≈≈≈.....#
≈≈≈≈≈≈≈.....#
≈≈≈≈≈≈.....##
#≈≈≈≈≈≈....#
≈≈≈≈≈...†##


You could see a kobold brigand.

Vanquished Creatures
  2 river rats (Sewer)
  8 adders
  A shadow imp (D:3)
  A worm (D:2)
  A dart slug (D:1)
  An orc (D:3)
  3 giant cockroaches
  5 hobgoblins
  10 jackals
  4 ball pythons (D:2)
  4 bats
  3 frilled lizards
  3 goblins
  7 kobolds
  3 rats
56 creatures vanquished.

Notes
Turn   | Place    | Note
-------+----------+-------------------------------------------
     0 | Abyss:1  | ezpacito the Demonspawn Abyssal Knight began the quest for
                  | the Orb.
     0 | Abyss:1  | Reached XP level 1. HP: 18/18 MP: 2/2
    79 | Abyss:2  | Found a corrupted altar of Lugonu.
   150 | Abyss:3  | Noticed a hellwing
   151 | Abyss:3  | Noticed a smoke demon
   159 | Abyss:3  | Noticed a large abomination
   164 | D:1      | Escaped the Abyss
   394 | D:1      | Gained mutation: You are partially covered in icy blue
                  | scales. (AC +2) [demonic ancestry]
   394 | D:1      | Reached XP level 2. HP: 24/24 MP: 3/3
   491 | D:1      | Reached * piety under Lugonu
  1113 | D:2      | Reached XP level 3. HP: 29/29 MP: 5/5
  1509 | D:2      | Gained mutation: You have a pair of small horns on your
                  | head. [demonic ancestry]
  1509 | D:2      | Reached XP level 4. HP: 31/35 MP: 6/6
  1895 | D:3      | Found a transporter.
  1919 | D:3      | Reached skill level 1 in Throwing
  1977 | D:3      | Found an ornate altar of the Wu Jian Council.
  2071 | D:3      | Found Umacew's Magic Scroll Shoppe.
  2077 | D:3      | Bought a scroll of identify for 28 gold pieces
  2080 | D:3      | Bought a scroll of enchant weapon for 105 gold pieces
  2080 | D:3      | Bought a scroll of identify for 28 gold pieces
  2080 | D:3      | Identified a scroll of acquirement
  2082 | D:3      | Acquired 811 gold pieces
  2100 | D:3      | Found a glowing drain.
  2122 | D:3      | Reached skill level 1 in Shields
  2134 | Sewer    | Entered a sewer
  2370 | Sewer    | Reached ** piety under Lugonu
  2378 | Sewer    | Reached XP level 5. HP: 20/41 MP: 7/7
  2564 | Sewer    | Slain by a kobold brigand

Illustrated notes

Levels and vault maps discovered:
D:1:      saegor_arrival_miasma, layout_rooms, minmay_door_square, minivault_11
D:2:      layout_loops_corners, serial_rivers, chequers_serial_rivers_micro_a,
          chequers_serial_rivers_micro_e, chequers_serial_rivers_marsh,
          chequers_serial_rivers_micro_c
D:3:      gammafunk_steamed_eel, layout_loops_ring, general_overflow_altar,
          mainiacjoe_overflow_24_doors, gup_sewer_entry_glass, serial_shops,
          shop, basic_ecumenical_altar
Sewer:    sewer_minmay_treatment

Skill      XL: |  1  2  3  4  5 |
---------------+----------------+-----
Axes           | 2 3 |  3.0
Armour         | 2 |  2.8
Invocations    | 3 |  3.2
Throwing       | 1 |  1.2
Shields        | 1 |  1.2
Fighting       | |  3.5
Dodging        | |  0.8

Action                   |  1- 3 |  4- 6 || total
-------------------------+-------+-------++-------
Melee: Hand axe          |   128 |    71 ||   199
       Headbutt          |       |    11 ||    11
Invok: Depart the Abyss  |     1 |       ||     1
  Use: Scroll            |       |     7 ||     7
       Potion            |       |     2 ||     2
Armor: Chain mail        |   108 |    48 ||   156
Dodge: Dodged            |    39 |    18 ||    57
Block: Buckler           |    49 |    19 ||    68

Table legend: (Time is in decaauts)
 A = Elapsed time spent in this place.
 B = Non-inter-level travel time spent in this place.
 C = Inter-level travel time spent in this place.
 D = Time resting spent in this place.
 E = Time spent auto-exploring this place.
 F = Levels seen in this place.
 G = Mean time per level.
                   A        B        C        D        E       F      G
               +--------+--------+--------+--------+--------+-----+--------+
         Total |   2608 |   2571 |     37 |    342 |   1649 |   7 |  372.6 |
       Dungeon |   2014 |   1977 |     37 |      0 |   1565 |   3 |  671.3 |
         Abyss |    163 |    163 |      0 |      0 |     52 |   3 |   54.3 |
         Sewer |    430 |    430 |      0 |    342 |     32 |   1 |  430.0 |
               +--------+--------+--------+--------+--------+-----+--------+

Top non-repeatable levels by time:
     D:2: 1047 daAuts
     D:1: 659 daAuts
   Sewer: 430 daAuts
     D:3: 307 daAuts
 Abyss:3: 78 daAuts
 Abyss:1: 70 daAuts
 Abyss:2: 14 daAuts
